Sharks vs Devils
Created - May 17, 2023 at 21:53
Goals
|
| Sharks |
0 |
0 |
1 |
1 |
| Devils |
1 |
3 |
0 |
4 |
|
Shots
|
| Sharks |
10 |
6 |
16 |
32 |
| Devils |
16 |
9 |
3 |
28 |
|
1st period
1. Devils , Aleksander Barkov 25 (Anton Stralman 32) at 9:02
Penalties :
Jonathan Huberdeau (N.J) for Unsportsmanlike conduct (Major / Game Misconduct) at 11:27
2nd period
2. Devils , Jason Pominville 18 (Eric Tangradi 16, Brayden Point 17) at 9:28
3. Devils , Brayden Point 11 (Eric Tangradi 17) at 15:17
4. Devils , Anton Stralman 8 (Jason Pominville 19, Kristopher Letang 28) at 15:56
Penalties :
Mike Lundin (S.J) for Goalie Interference (Minor) at 0:11
3rd period
5. Sharks , Conor Sheary 19 (Dion Phaneuf 14, Tyler Cuma 31) at 13:11
Penalties :
No Penalty
Goalie Stats
Malcolm Subban (S.J), 24 saves from 28 shots - (0.857), L, 7-10-2, 60:00 minutes
Tyler Weiman (N.J), 31 saves from 32 shots - (0.969), W, 13-4-2, 60:00 minutes
Players Stats for Sharks
Player Name G A P +/- PIM S H SB GA TA FO MP PP MP PK MP
------------------------------------------------------------------------------------
Andreas Martinsen 0 0 0 0 0 0 0 0 0 0 0/0 6:01 0:14 0:30
Brandon Dubinsky 0 0 0 -2 0 6 1 0 0 1 14/29 24:14 2:35 0:59
Brendan Gaunce 0 0 0 0 0 2 1 0 0 0 3/9 17:00 0:11 0:22
Conor Sheary 1 0 1 0 0 3 2 0 0 0 0/0 15:42 0:00 0:00
Daniel Carcillo 0 0 0 -2 0 2 1 0 1 0 1/2 20:45 2:32 0:51
Dion Phaneuf 0 1 1 0 0 3 0 1 1 1 0/0 20:34 2:31 0:45
Drew Doughty 0 0 0 -3 0 1 0 2 0 0 0/0 26:36 2:28 1:14
Gustav Nyquist 0 0 0 0 0 0 0 0 0 0 0/0 0:00 0:00 0:00
Joe Pavelski 0 0 0 -2 0 2 1 0 0 0 2/2 18:59 2:25 0:00
Karl Alzner 0 0 0 0 0 0 3 2 1 2 0/0 13:57 0:00 0:46
Marek Svatos 0 0 0 0 0 0 0 0 0 0 0/0 5:38 0:21 0:00
Markus Nutivaara 0 0 0 0 0 2 0 3 1 0 0/0 12:50 0:00 0:00
Mike Lundin 0 0 0 -3 2 0 1 0 1 0 0/0 25:42 2:28 0:00
Oscar Sundqvist 0 0 0 -1 0 1 1 0 0 1 4/9 17:59 2:13 0:38
Ronalds Kenins 0 0 0 -1 0 4 0 0 2 0 0/1 17:59 2:13 0:38
Tyler Cuma 0 1 1 0 0 1 0 1 1 0 0/0 20:41 2:31 1:13
Wayne Simmonds 0 0 0 -1 0 3 0 1 0 0 0/0 17:21 2:13 0:00
Zach Parise 0 0 0 0 0 2 1 1 0 1 1/1 16:02 0:00 0:00
Players Stats for Devils
Player Name G A P +/- PIM S H SB GA TA FO MP PP MP PK MP
------------------------------------------------------------------------------------
Aleksander Barkov 1 0 1 1 0 2 1 0 0 0 2/9 15:30 0:48 0:08
Anton Lander 0 0 0 0 0 4 1 0 0 0 4/5 11:17 0:00 2:29
Anton Stralman 1 1 2 1 0 1 1 0 1 0 0/0 21:34 0:00 2:27
Brandon Carlo 0 0 0 2 0 0 1 1 1 1 0/0 21:17 0:00 2:27
Brayden Point 1 1 2 3 0 5 2 0 0 1 11/14 18:11 0:33 0:00
Eric Tangradi 0 2 2 3 0 2 2 0 0 2 1/2 18:09 0:17 2:27
Jason Pominville 1 1 2 3 0 2 3 1 1 0 2/2 16:06 0:32 1:23
Jonathan Huberdeau 0 0 0 1 15 0 0 0 0 0 0/0 3:44 0:00 0:00
Kristopher Letang 0 1 1 1 0 2 4 1 0 0 0/0 20:56 1:11 0:31
Logan Shaw 0 0 0 0 0 1 1 0 0 0 0/0 8:55 0:17 0:00
Marian Gaborik 0 0 0 -1 0 0 0 2 0 1 0/0 18:17 0:54 0:00
Matt Donovan 0 0 0 0 0 1 1 1 0 0 0/0 17:47 0:48 2:01
Michael Del Zotto 0 0 0 2 0 0 1 1 1 1 0/0 22:09 1:11 2:01
Nazem Kadri 0 0 0 -1 0 1 0 1 1 0 7/19 19:32 0:54 1:15
Nick Palmieri 0 0 0 1 0 1 1 1 0 1 0/1 15:22 0:48 0:00
Sven Baertschi 0 0 0 0 0 0 2 0 0 0 0/0 10:25 0:00 1:01
Thomas Hickey 0 0 0 0 0 1 3 2 0 1 0/0 16:17 0:48 0:31
Tyler Ennis 0 0 0 -1 0 5 4 1 1 0 1/1 19:32 0:54 1:15
3 Stars
1 - Jason Pominville (N.J)
2 - Brayden Point (N.J)
3 - Tyler Weiman (N.J)
Power Play
Sharks - 0 on 1 Attempt(s) - 0.00%
Devils - 0 on 1 Attempt(s) - 0.00%
Penalty Kill
Sharks - 1 on 1 Attempt(s) - 100.00%
- Score 0 goal in Penalty Kill
Devils - 1 on 1 Attempt(s) - 100.00%
- Score 0 goal in Penalty Kill
Team Stat
Sharks - Hits : 12 - Faceoff Wins : 25 - Blocked Shots : 11 - Penalty Minutes : 2
Devils - Hits : 28 - Faceoff Wins : 28 - Blocked Shots : 12 - Penalty Minutes : 15
Official
Referees : Francois St. Laurent and Kevin Pollock
Linesman : Jonny Murray and Tony Sericolo
Game Notes
Jonathan Huberdeau (N.J) for Unsportsmanlike conduct (Major / Game Misconduct) at 11:27
Jonathan Huberdeau ejected from game at 11:27 of 1st period
Finance
Level 1 -- Attendance: 5896 (98.27%) -- Ticket Income $589,600
Level 2 -- Attendance: 5000 (100.00%) -- Ticket Income $300,000
Level 3 -- Attendance: 2000 (100.00%) -- Ticket Income $70,000
Level 4 -- Attendance: 4000 (100.00%) -- Ticket Income $100,000
Luxury Box -- Attendance: 1000 (100.00%) -- Ticket Income $200,000
Game was played at the Prudential Center.
Total Attendance: 17896 (99.42%)
Total Ticket Income: $1,259,600
Other Income: $188,940
Total Income: $1,448,540
Sharks
5 vs 5 Forward
Center Left Wing Right Wing Time % Phy DF OF
1 Brandon Dubinsky Daniel Carcillo Joe Pavelski 40 0 2 3
2 Oscar Sundqvist Ronalds Kenins Wayne Simmonds 30 0 2 3
3 Brendan Gaunce Zach Parise Conor Sheary 20 0 2 3
4 Brandon Dubinsky Andreas Martinsen Marek Svatos 10 0 3 2
5 vs 5 Defense
Defense Defense Time % Phy DF OF
1 Drew Doughty Mike Lundin 40 0 2 3
2 Dion Phaneuf Tyler Cuma 30 0 2 3
3 Karl Alzner Markus Nutivaara 20 0 3 2
4 Drew Doughty Mike Lundin 10 0 3 2
PowerPlay Forward
Center Left Wing Right Wing Time % Phy DF OF
1 Brandon Dubinsky Daniel Carcillo Joe Pavelski 60 0 2 3
2 Oscar Sundqvist Ronalds Kenins Wayne Simmonds 40 0 2 3
PowerPlay Defense
Defense Defense Time % Phy DF OF
1 Drew Doughty Mike Lundin 60 0 2 3
2 Dion Phaneuf Tyler Cuma 40 0 2 3
Penalty Kill 4 Players Forward
Center Wing Time % Phy DF OF
1 Brandon Dubinsky Daniel Carcillo 60 1 4 0
2 Oscar Sundqvist Ronalds Kenins 40 1 4 0
Penalty Kill 4 Players Defense
Defense Defense Time % Phy DF OF
1 Drew Doughty Mike Lundin 60 1 4 0
2 Dion Phaneuf Tyler Cuma 40 1 4 0
Penalty Kill - 3 Players Forward
Forward Time % Phy DF OF
1 Brandon Dubinsky 60 1 4 0
2 Oscar Sundqvist 40 1 4 0
Penalty Kill - 3 Players Defense
Defense Defense Time % Phy DF OF
1 Drew Doughty Mike Lundin 60 1 4 0
2 Dion Phaneuf Tyler Cuma 40 1 4 0
4 vs 4 Forward
Center Wing Time % Phy DF OF
1 Brandon Dubinsky Daniel Carcillo 60 1 2 2
2 Oscar Sundqvist Ronalds Kenins 40 1 2 2
4 vs 4 Defense
Defense Defense Time % Phy DF OF
1 Drew Doughty Mike Lundin 60 1 2 2
2 Dion Phaneuf Tyler Cuma 40 1 2 2
Last Minutes Offensive
Center Left Wing Right Wing Defense Defense
Brandon Dubinsky Daniel Carcillo Joe Pavelski Drew Doughty Mike Lundin
Last Minutes Defensive
Center Left Wing Right Wing Defense Defense
Brandon Dubinsky Daniel Carcillo Joe Pavelski Drew Doughty Mike Lundin
Goaltenders
Starting : Malcolm Subban
Backup : Philipp Grubauer
Extra Forwards
Normal : Daniel Carcillo, Ronalds Kenins, Zach Parise - PP : Daniel Carcillo, Ronalds Kenins - PK : Daniel Carcillo
Extra Defensemen
Normal : Tyler Cuma, Karl Alzner, Markus Nutivaara - PP : Tyler Cuma - PK : Tyler Cuma, Karl Alzner
Penalty Shots
Joe Pavelski, Brandon Dubinsky, Wayne Simmonds, Conor Sheary, Daniel Carcillo
Scratches
Arturs Kulda (Healthy), Boone Jenner (Bruised Left Arm Injury), MacKenzie Weegar (Healthy)
Devils
5 vs 5 Forward
Center Left Wing Right Wing Time % Phy DF OF
1 Nazem Kadri Tyler Ennis Marian Gaborik 34 0 2 3
2 Aleksander Barkov Jonathan Huberdeau Nick Palmieri 30 0 2 3
3 Brayden Point Eric Tangradi Jason Pominville 26 0 2 3
4 Anton Lander Sven Baertschi Logan Shaw 10 0 3 2
5 vs 5 Defense
Defense Defense Time % Phy DF OF
1 Kristopher Letang Anton Stralman 38 0 3 2
2 Michael Del Zotto Brandon Carlo 36 0 3 2
3 Matt Donovan Thomas Hickey 26 0 3 2
4 Kristopher Letang Anton Stralman 0 0 3 2
PowerPlay Forward
Center Left Wing Right Wing Time % Phy DF OF
1 Nazem Kadri Tyler Ennis Marian Gaborik 60 0 1 4
2 Aleksander Barkov Jonathan Huberdeau Nick Palmieri 40 0 1 4
PowerPlay Defense
Defense Defense Time % Phy DF OF
1 Kristopher Letang Michael Del Zotto 60 0 2 3
2 Matt Donovan Thomas Hickey 40 0 2 3
Penalty Kill 4 Players Forward
Center Wing Time % Phy DF OF
1 Anton Lander Eric Tangradi 65 1 3 1
2 Nazem Kadri Tyler Ennis 35 1 3 1
Penalty Kill 4 Players Defense
Defense Defense Time % Phy DF OF
1 Anton Stralman Brandon Carlo 60 1 4 0
2 Michael Del Zotto Matt Donovan 40 1 4 0
Penalty Kill - 3 Players Forward
Forward Time % Phy DF OF
1 Nazem Kadri 60 1 3 1
2 Aleksander Barkov 40 1 3 1
Penalty Kill - 3 Players Defense
Defense Defense Time % Phy DF OF
1 Kristopher Letang Michael Del Zotto 60 1 4 0
2 Anton Stralman Matt Donovan 40 1 4 0
4 vs 4 Forward
Center Wing Time % Phy DF OF
1 Nazem Kadri Tyler Ennis 60 0 2 3
2 Aleksander Barkov Jonathan Huberdeau 40 0 2 3
4 vs 4 Defense
Defense Defense Time % Phy DF OF
1 Kristopher Letang Anton Stralman 60 0 3 2
2 Michael Del Zotto Matt Donovan 40 0 3 2
Last Minutes Offensive
Center Left Wing Right Wing Defense Defense
Nazem Kadri Tyler Ennis Nick Palmieri Kristopher Letang Michael Del Zotto
Last Minutes Defensive
Center Left Wing Right Wing Defense Defense
Anton Lander Tyler Ennis Nick Palmieri Brandon Carlo Anton Stralman
Goaltenders
Starting : Tyler Weiman
Backup : Maxime Daigneault
Extra Forwards
Normal : Brayden Point, Jason Pominville, Aleksander Barkov - PP : Brayden Point, Jason Pominville - PK : Jason Pominville
Extra Defensemen
Normal : Matt Donovan, Brandon Carlo, Thomas Hickey - PP : Thomas Hickey - PK : Matt Donovan, Brandon Carlo
Penalty Shots
Tyler Ennis, Nazem Kadri, Nick Palmieri, Aleksander Barkov, Brayden Point
Scratches
None
% Time on Ice - Sharks
Lines # - Real PCT - Wanted PCT - Time Play
Normal Forward
1 - 32% - 40% - 16:55
2 - 29% - 30% - 15:08
3 - 30% - 20% - 15:42
4 - 10% - 10% - 5:17
Normal Defense
1 - 39% - 40% - 20:41
2 - 32% - 30% - 16:57
3 - 24% - 20% - 12:50
4 - 5% - 10% - 2:34
PP Forward
1 - 56% - 60% - 2:46
2 - 44% - 40% - 2:13
PP Defense
1 - 49% - 60% - 2:28
2 - 51% - 40% - 2:31
PK Forward
1 - 68% - 60% - 1:21
2 - 32% - 40% - 0:38
PK Defense
1 - 73% - 60% - 1:27
2 - 27% - 40% - 0:32
PK3 Forward
1 - 0% - 60%
2 - 0% - 40%
PK3 Defense
1 - 0% - 60%
2 - 0% - 40%
44 Forward
1 - 0% - 60%
2 - 0% - 40%
44 Defense
1 - 0% - 60%
2 - 0% - 40%
Last Minute Offensive - 0:00
Last Minute Defensive - 0:00
Total
Forward - 60:00
Defense - 60:00
|
% Time on Ice - Devils
Lines # - Real PCT - Wanted PCT - Time Play
Normal Forward
1 - 33% - 34% - 17:33
2 - 27% - 30% - 14:34
3 - 23% - 26% - 12:17
4 - 16% - 10% - 8:38
Normal Defense
1 - 36% - 38% - 19:16
2 - 35% - 36% - 18:40
3 - 28% - 26% - 14:58
4 - 0% - 0% - 0:08
PP Forward
1 - 45% - 60% - 0:54
2 - 55% - 40% - 1:05
PP Defense
1 - 60% - 60% - 1:11
2 - 40% - 40% - 0:48
PK Forward
1 - 75% - 65% - 3:44
2 - 25% - 35% - 1:15
PK Defense
1 - 60% - 60% - 2:58
2 - 40% - 40% - 2:01
PK3 Forward
1 - 0% - 60%
2 - 0% - 40%
PK3 Defense
1 - 0% - 60%
2 - 0% - 40%
44 Forward
1 - 0% - 60%
2 - 0% - 40%
44 Defense
1 - 0% - 60%
2 - 0% - 40%
Last Minute Offensive - 0:00
Last Minute Defensive - 0:00
Total
Forward - 60:00
Defense - 60:00
|
Play-by-Play
1st period
0:01 of 1st period - Brandon Dubinsky wins face-off versus Nazem Kadri in neutral zone.
0:17 of 1st period - Slapshot by Tyler Ennis.
0:17 of 1st period - Shot Misses the Net.
0:53 of 1st period - Jason Pominville is hit by Zach Parise and loses puck.
1:47 of 1st period - Wrist shot by Aleksander Barkov.
1:47 of 1st period - Shot Misses the Net.
1:49 of 1st period - Snap shot by Kristopher Letang.
1:49 of 1st period - Shot Blocked by Dion Phaneuf.
2:16 of 1st period - Jason Pominville is hit by Conor Sheary and loses puck.
2:29 of 1st period - Snap shot by Brandon Dubinsky.
2:29 of 1st period - Stopped by Tyler Weiman with a rebound.
2:39 of 1st period - Slapshot by Tyler Ennis.
2:39 of 1st period - Stopped by Malcolm Subban with a rebound.
3:53 of 1st period - Markus Nutivaara is hit by Kristopher Letang and loses puck.
3:58 of 1st period - Snap shot by Logan Shaw.
3:58 of 1st period - Shot Blocked by Markus Nutivaara.
4:22 of 1st period - Drew Doughty is hit by Thomas Hickey and loses puck.
4:38 of 1st period - Drew Doughty is hit by Jason Pominville and loses puck.
4:54 of 1st period - Off-side.
4:55 of 1st period - Brendan Gaunce wins face-off versus Nazem Kadri in neutral zone.
4:58 of 1st period - Slapshot by Conor Sheary.
4:58 of 1st period - Shot Misses the Net.
5:04 of 1st period - Snap shot by Tyler Ennis.
5:04 of 1st period - Stopped by Malcolm Subban without a rebound.
5:05 of 1st period - Brandon Dubinsky wins face-off versus Aleksander Barkov in Sharks zone.
5:16 of 1st period - Tyler Cuma is hit by Anton Stralman.
5:22 of 1st period - Backhand shot by Nick Palmieri.
5:22 of 1st period - Stopped by Malcolm Subban with a rebound.
6:00 of 1st period - Snap shot by Jason Pominville.
6:00 of 1st period - Shot Misses the Net.
6:02 of 1st period - Slapshot by Brandon Carlo.
6:02 of 1st period - Shot Misses the Net.
6:04 of 1st period - Wrist shot by Jason Pominville.
6:04 of 1st period - Stopped by Malcolm Subban with a rebound.
6:06 of 1st period - Snap shot by Brayden Point.
6:06 of 1st period - Stopped by Malcolm Subban with a rebound.
6:18 of 1st period - Sven Baertschi is hit by Brandon Dubinsky.
6:22 of 1st period - Slapshot by Matt Donovan.
6:22 of 1st period - Stopped by Malcolm Subban with a rebound.
6:24 of 1st period - Slapshot by Kristopher Letang.
6:24 of 1st period - Stopped by Malcolm Subban with a rebound.
6:26 of 1st period - Slapshot by Kristopher Letang.
6:26 of 1st period - Stopped by Malcolm Subban with a rebound.
6:28 of 1st period - Slapshot by Anton Lander.
6:28 of 1st period - Stopped by Malcolm Subban with a rebound.
6:46 of 1st period - Drew Doughty is hit by Aleksander Barkov and loses puck.
7:41 of 1st period - Icing by Matt Donovan.
7:42 of 1st period - Brayden Point wins face-off versus Brendan Gaunce in Devils zone.
8:07 of 1st period - Snap shot by Brayden Point.
8:07 of 1st period - Stopped by Malcolm Subban with a rebound.
8:09 of 1st period - Snap shot by Brayden Point.
8:09 of 1st period - Stopped by Malcolm Subban without a rebound.
8:10 of 1st period - Oscar Sundqvist wins face-off versus Nazem Kadri in Sharks zone.
8:10 of 1st period - Oscar Sundqvist is hit by Tyler Ennis.
8:20 of 1st period - Snap shot by Ronalds Kenins.
8:20 of 1st period - Stopped by Tyler Weiman with a rebound.
8:22 of 1st period - Slapshot by Wayne Simmonds.
8:22 of 1st period - Stopped by Tyler Weiman without a rebound.
8:23 of 1st period - Joe Pavelski wins face-off versus Nazem Kadri in Devils zone.
8:53 of 1st period - Aleksander Barkov is hit by Oscar Sundqvist and loses puck.
9:02 of 1st period - Slapshot by Aleksander Barkov.
9:02 of 1st period - Goal by Aleksander Barkov - Sharks : 0 - Devils : 1.
9:03 of 1st period - Aleksander Barkov wins face-off versus Brandon Dubinsky in neutral zone.
9:07 of 1st period - Off-side.
9:08 of 1st period - Brandon Dubinsky wins face-off versus Aleksander Barkov in neutral zone.
10:00 of 1st period - Snap shot by Joe Pavelski.
10:00 of 1st period - Deflect By Brandon Dubinsky.
10:00 of 1st period - Stopped by Tyler Weiman with a rebound.
10:02 of 1st period - Snap shot by Brandon Dubinsky.
10:02 of 1st period - Stopped by Tyler Weiman with a rebound.
10:04 of 1st period - Wrist shot by Brandon Dubinsky.
10:04 of 1st period - Stopped by Tyler Weiman without a rebound.
10:05 of 1st period - Nazem Kadri wins face-off versus Oscar Sundqvist in Devils zone.
10:20 of 1st period - Snap shot by Tyler Ennis.
10:20 of 1st period - Stopped by Malcolm Subban with a rebound.
10:51 of 1st period - Slapshot by Tyler Ennis.
10:51 of 1st period - Stopped by Malcolm Subban without a rebound.
10:52 of 1st period - Brendan Gaunce wins face-off versus Brayden Point in Sharks zone.
11:05 of 1st period - Slapshot by Brendan Gaunce.
11:05 of 1st period - Stopped by Tyler Weiman without a rebound.
11:06 of 1st period - Brandon Dubinsky wins face-off versus Aleksander Barkov in Devils zone.
11:21 of 1st period - Snap shot by Daniel Carcillo.
11:21 of 1st period - Stopped by Tyler Weiman with a rebound.
11:27 of 1st period - Major / Game Misconduct Penalty to Jonathan Huberdeau for Unsportsmanlike conduct.
11:27 of 1st period - Jonathan Huberdeau is ejected from game.
11:28 of 1st period - Anton Lander wins face-off versus Brandon Dubinsky in Devils zone.
11:28 of 1st period - Anton Lander is hit by Joe Pavelski.
12:00 of 1st period - Slapshot by Dion Phaneuf.
12:00 of 1st period - Stopped by Tyler Weiman without a rebound.
12:01 of 1st period - Anton Lander wins face-off versus Oscar Sundqvist in Devils zone.
12:33 of 1st period - Slapshot by Dion Phaneuf.
12:33 of 1st period - Shot Blocked by Jason Pominville.
12:35 of 1st period - Wrist shot by Mike Lundin.
12:35 of 1st period - Deflect By Joe Pavelski.
12:35 of 1st period - Stopped by Tyler Weiman without a rebound.
12:36 of 1st period - Jason Pominville wins face-off versus Brandon Dubinsky in Devils zone.
14:51 of 1st period - Icing by Daniel Carcillo.
14:52 of 1st period - Nazem Kadri wins face-off versus Brandon Dubinsky in Sharks zone.
15:51 of 1st period - Off-side.
15:52 of 1st period - Jason Pominville wins face-off versus Oscar Sundqvist in neutral zone.
16:27 of 1st period - Penalty to Jonathan Huberdeau is over, Jason Pominville is send on ice.
16:36 of 1st period - Off-side.
16:37 of 1st period - Tyler Ennis wins face-off versus Brendan Gaunce in neutral zone.
18:31 of 1st period - Wrist shot by Anton Lander.
18:31 of 1st period - Stopped by Malcolm Subban without a rebound.
18:32 of 1st period - Brandon Dubinsky wins face-off versus Anton Lander in Sharks zone.
19:04 of 1st period - Snap shot by Nazem Kadri.
19:04 of 1st period - Stopped by Malcolm Subban without a rebound.
19:05 of 1st period - Nazem Kadri wins face-off versus Brendan Gaunce in Sharks zone.
19:21 of 1st period - Tyler Cuma is hit by Tyler Ennis and loses puck.
Goals for this period are 0 for Sharks vs 1 for Devils.
Shots for this period are 10 for Sharks vs 16 for Devils.
2nd period
0:01 of 2nd period - Nazem Kadri wins face-off versus Brandon Dubinsky in neutral zone.
0:11 of 2nd period - Minor Penalty to Mike Lundin for Goalie Interference.
0:12 of 2nd period - Brandon Dubinsky wins face-off versus Nazem Kadri in Sharks zone.
0:44 of 2nd period - Drew Doughty is hit by Brayden Point and loses puck.
2:11 of 2nd period - Penalty to Mike Lundin is over, Mike Lundin is back on ice.
2:31 of 2nd period - Wrist shot by Logan Shaw.
2:31 of 2nd period - Deflect By Anton Lander.
2:31 of 2nd period - Shot Misses the Net.
2:31 of 2nd period - Puck is out of play.
2:32 of 2nd period - Anton Lander wins face-off versus Ronalds Kenins in Sharks zone.
3:20 of 2nd period - Wrist shot by Andreas Martinsen.
3:20 of 2nd period - Shot Misses the Net.
3:24 of 2nd period - Slapshot by Drew Doughty.
3:24 of 2nd period - Stopped by Tyler Weiman without a rebound.
3:25 of 2nd period - Brandon Dubinsky wins face-off versus Nazem Kadri in Devils zone.
3:28 of 2nd period - Slapshot by Markus Nutivaara.
3:28 of 2nd period - Stopped by Tyler Weiman with a rebound.
4:02 of 2nd period - Off-side.
4:03 of 2nd period - Brayden Point wins face-off versus Brendan Gaunce in neutral zone.
4:45 of 2nd period - Icing by Karl Alzner.
4:46 of 2nd period - Brandon Dubinsky wins face-off versus Nazem Kadri in Sharks zone.
5:13 of 2nd period - Snap shot by Joe Pavelski.
5:13 of 2nd period - Shot Blocked by Nick Palmieri.
5:15 of 2nd period - Slapshot by Karl Alzner.
5:15 of 2nd period - Shot Blocked by Kristopher Letang.
5:17 of 2nd period - Wrist shot by Daniel Carcillo.
5:17 of 2nd period - Shot Misses the Net.
5:23 of 2nd period - Snap shot by Brandon Dubinsky.
5:23 of 2nd period - Shot Misses the Net.
5:37 of 2nd period - Nick Palmieri is hit by Daniel Carcillo and loses puck.
6:04 of 2nd period - Slapshot by Aleksander Barkov.
6:04 of 2nd period - Stopped by Malcolm Subban without a rebound.
6:05 of 2nd period - Oscar Sundqvist wins face-off versus Nazem Kadri in Sharks zone.
6:11 of 2nd period - Icing by Brandon Carlo.
6:12 of 2nd period - Oscar Sundqvist wins face-off versus Nazem Kadri in Devils zone.
6:13 of 2nd period - Slapshot by Ronalds Kenins.
6:13 of 2nd period - Shot Blocked by Brandon Carlo.
6:36 of 2nd period - Off-side.
6:37 of 2nd period - Brayden Point wins face-off versus Brendan Gaunce in neutral zone.
7:03 of 2nd period - Dion Phaneuf is hit by Thomas Hickey and loses puck.
7:42 of 2nd period - Drew Doughty is hit by Brandon Carlo and loses puck.
8:13 of 2nd period - Wrist shot by Brandon Dubinsky.
8:13 of 2nd period - Stopped by Tyler Weiman with a rebound.
9:00 of 2nd period - Icing by Dion Phaneuf.
9:01 of 2nd period - Anton Lander wins face-off versus Oscar Sundqvist in Sharks zone.
9:10 of 2nd period - Snap shot by Logan Shaw.
9:10 of 2nd period - Stopped by Malcolm Subban without a rebound.
9:11 of 2nd period - Brandon Dubinsky wins face-off versus Brayden Point in Sharks zone.
9:22 of 2nd period - Wrist shot by Jason Pominville.
9:22 of 2nd period - Deflect By Brayden Point.
9:22 of 2nd period - Shot Misses the Net.
9:22 of 2nd period - Puck is out of play.
9:23 of 2nd period - Brayden Point wins face-off versus Brandon Dubinsky in Sharks zone.
9:28 of 2nd period - Slapshot by Jason Pominville.
9:28 of 2nd period - Goal by Jason Pominville - Sharks : 0 - Devils : 2.
9:29 of 2nd period - Brayden Point wins face-off versus Brandon Dubinsky in neutral zone.
9:44 of 2nd period - Slapshot by Daniel Carcillo.
9:44 of 2nd period - Shot Misses the Net.
9:54 of 2nd period - Oscar Sundqvist is hit by Kristopher Letang and loses puck.
11:41 of 2nd period - Slapshot by Matt Donovan.
11:41 of 2nd period - Shot Blocked by Karl Alzner.
12:06 of 2nd period - Marian Gaborik is hit by Karl Alzner and loses puck.
12:28 of 2nd period - Nazem Kadri is hit by Conor Sheary and loses puck.
13:03 of 2nd period - Karl Alzner is hit by Nick Palmieri and loses puck.
13:21 of 2nd period - Slapshot by Michael Del Zotto.
13:21 of 2nd period - Shot Blocked by Markus Nutivaara.
13:23 of 2nd period - Slapshot by Michael Del Zotto.
13:23 of 2nd period - Deflect By Logan Shaw.
13:23 of 2nd period - Shot Blocked by Markus Nutivaara.
13:23 of 2nd period - Puck is out of play.
13:24 of 2nd period - Brayden Point wins face-off versus Brandon Dubinsky in Sharks zone.
13:51 of 2nd period - Wrist shot by Eric Tangradi.
13:51 of 2nd period - Stopped by Malcolm Subban without a rebound.
13:52 of 2nd period - Brendan Gaunce wins face-off versus Aleksander Barkov in Sharks zone.
13:59 of 2nd period - Wrist shot by Zach Parise.
13:59 of 2nd period - Shot Blocked by Thomas Hickey.
14:05 of 2nd period - Wrist shot by Zach Parise.
14:05 of 2nd period - Stopped by Tyler Weiman without a rebound.
14:06 of 2nd period - Brandon Dubinsky wins face-off versus Nazem Kadri in Devils zone.
14:31 of 2nd period - Wayne Simmonds is hit by Brayden Point and loses puck.
14:50 of 2nd period - Tyler Cuma is hit by Kristopher Letang and loses puck.
14:59 of 2nd period - Snap shot by Anton Lander.
14:59 of 2nd period - Stopped by Malcolm Subban without a rebound.
15:00 of 2nd period - Eric Tangradi wins face-off versus Brandon Dubinsky in Sharks zone.
15:01 of 2nd period - Snap shot by Jason Pominville.
15:01 of 2nd period - Shot Blocked by Tyler Cuma.
15:03 of 2nd period - Slapshot by Brayden Point.
15:03 of 2nd period - Stopped by Malcolm Subban without a rebound.
15:04 of 2nd period - Brayden Point wins face-off versus Brandon Dubinsky in Sharks zone.
15:11 of 2nd period - Wrist shot by Eric Tangradi.
15:11 of 2nd period - Stopped by Malcolm Subban without a rebound.
15:12 of 2nd period - Brayden Point wins face-off versus Brandon Dubinsky in Sharks zone.
15:13 of 2nd period - Snap shot by Eric Tangradi.
15:13 of 2nd period - Shot Misses the Net.
15:15 of 2nd period - Snap shot by Eric Tangradi.
15:15 of 2nd period - Shot Misses the Net.
15:17 of 2nd period - Wrist shot by Brayden Point.
15:17 of 2nd period - Goal by Brayden Point - Sharks : 0 - Devils : 3.
15:18 of 2nd period - Brayden Point wins face-off versus Brandon Dubinsky in neutral zone.
15:56 of 2nd period - Slapshot by Anton Stralman.
15:56 of 2nd period - Goal by Anton Stralman - Sharks : 0 - Devils : 4.
15:57 of 2nd period - Joe Pavelski wins face-off versus Nazem Kadri in neutral zone.
16:43 of 2nd period - Tyler Cuma is hit by Sven Baertschi and loses puck.
18:07 of 2nd period - Wrist shot by Conor Sheary.
18:07 of 2nd period - Stopped by Tyler Weiman with a rebound.
18:43 of 2nd period - Snap shot by Nazem Kadri.
18:43 of 2nd period - Shot Misses the Net.
19:15 of 2nd period - Wrist shot by Wayne Simmonds.
19:15 of 2nd period - Stopped by Tyler Weiman with a rebound.
Goals for this period are 0 for Sharks vs 3 for Devils.
Shots for this period are 6 for Sharks vs 9 for Devils.
3rd period
0:01 of 3rd period - Brayden Point wins face-off versus Brandon Dubinsky in neutral zone.
2:05 of 3rd period - Snap shot by Ronalds Kenins.
2:05 of 3rd period - Stopped by Tyler Weiman with a rebound.
2:17 of 3rd period - Snap shot by Anton Lander.
2:17 of 3rd period - Stopped by Malcolm Subban with a rebound.
2:19 of 3rd period - Wrist shot by Thomas Hickey.
2:19 of 3rd period - Shot Blocked by Drew Doughty.
2:35 of 3rd period - Mike Lundin is hit by Matt Donovan and loses puck.
3:13 of 3rd period - Brandon Dubinsky is hit by Sven Baertschi and loses puck.
4:06 of 3rd period - Ronalds Kenins is hit by Tyler Ennis and loses puck.
4:19 of 3rd period - Brandon Dubinsky is hit by Anton Lander and loses puck.
4:44 of 3rd period - Snap shot by Aleksander Barkov.
4:44 of 3rd period - Shot Misses the Net.
4:46 of 3rd period - Slapshot by Matt Donovan.
4:46 of 3rd period - Shot Blocked by Drew Doughty.
5:52 of 3rd period - Dion Phaneuf is hit by Jason Pominville and loses puck.
6:09 of 3rd period - Snap shot by Tyler Ennis.
6:09 of 3rd period - Stopped by Malcolm Subban without a rebound.
6:10 of 3rd period - Nazem Kadri wins face-off versus Daniel Carcillo in Sharks zone.
6:35 of 3rd period - Zach Parise is hit by Tyler Ennis and loses puck.
6:48 of 3rd period - Slapshot by Marian Gaborik.
6:48 of 3rd period - Shot Misses the Net.
6:54 of 3rd period - Snap shot by Oscar Sundqvist.
6:54 of 3rd period - Stopped by Tyler Weiman without a rebound.
6:55 of 3rd period - Oscar Sundqvist wins face-off versus Brayden Point in Devils zone.
6:56 of 3rd period - Backhand shot by Ronalds Kenins.
6:56 of 3rd period - Stopped by Tyler Weiman with a rebound.
6:58 of 3rd period - Slapshot by Ronalds Kenins.
6:58 of 3rd period - Shot Misses the Net.
7:00 of 3rd period - Wrist shot by Ronalds Kenins.
7:00 of 3rd period - Stopped by Tyler Weiman with a rebound.
7:02 of 3rd period - Snap shot by Ronalds Kenins.
7:02 of 3rd period - Deflect By Wayne Simmonds.
7:02 of 3rd period - Shot Blocked by Thomas Hickey.
7:02 of 3rd period - Puck is out of play.
7:03 of 3rd period - Brayden Point wins face-off versus Brandon Dubinsky in Devils zone.
7:50 of 3rd period - Tyler Cuma is hit by Thomas Hickey.
7:56 of 3rd period - Snap shot by Conor Sheary.
7:56 of 3rd period - Shot Misses the Net.
7:58 of 3rd period - Slapshot by Dion Phaneuf.
7:58 of 3rd period - Stopped by Tyler Weiman with a rebound.
8:00 of 3rd period - Snap shot by Zach Parise.
8:00 of 3rd period - Shot Misses the Net.
8:50 of 3rd period - Snap shot by Markus Nutivaara.
8:50 of 3rd period - Stopped by Tyler Weiman with a rebound.
9:56 of 3rd period - Anton Stralman is hit by Brendan Gaunce and loses puck.
10:07 of 3rd period - Slapshot by Tyler Ennis.
10:07 of 3rd period - Shot Misses the Net.
11:01 of 3rd period - Slapshot by Tyler Cuma.
11:01 of 3rd period - Shot Blocked by Nazem Kadri.
11:03 of 3rd period - Wrist shot by Ronalds Kenins.
11:03 of 3rd period - Deflect By Oscar Sundqvist.
11:03 of 3rd period - Shot Blocked by Marian Gaborik.
11:03 of 3rd period - Puck is out of play.
11:04 of 3rd period - Nazem Kadri wins face-off versus Oscar Sundqvist in Devils zone.
11:17 of 3rd period - Slapshot by Thomas Hickey.
11:17 of 3rd period - Deflect By Drew Doughty.
11:17 of 3rd period - Stopped by Malcolm Subban with a rebound.
11:35 of 3rd period - Snap shot by Jason Pominville.
11:35 of 3rd period - Shot Blocked by Zach Parise.
12:11 of 3rd period - Wrist shot by Logan Shaw.
12:11 of 3rd period - Shot Blocked by Wayne Simmonds.
12:27 of 3rd period - Snap shot by Zach Parise.
12:27 of 3rd period - Stopped by Tyler Weiman without a rebound.
12:28 of 3rd period - Nazem Kadri wins face-off versus Brendan Gaunce in Devils zone.
13:01 of 3rd period - Wrist shot by Conor Sheary.
13:01 of 3rd period - Shot Misses the Net.
13:03 of 3rd period - Slapshot by Brendan Gaunce.
13:03 of 3rd period - Stopped by Tyler Weiman with a rebound.
13:05 of 3rd period - Snap shot by Tyler Cuma.
13:05 of 3rd period - Shot Misses the Net.
13:07 of 3rd period - Snap shot by Conor Sheary.
13:07 of 3rd period - Stopped by Tyler Weiman with a rebound.
13:09 of 3rd period - Slapshot by Dion Phaneuf.
13:09 of 3rd period - Shot Misses the Net.
13:11 of 3rd period - Snap shot by Conor Sheary.
13:11 of 3rd period - Goal by Conor Sheary - Sharks : 1 - Devils : 4.
13:12 of 3rd period - Brandon Dubinsky wins face-off versus Eric Tangradi in neutral zone.
14:24 of 3rd period - Michael Del Zotto is hit by Karl Alzner and loses puck.
15:14 of 3rd period - Slapshot by Zach Parise.
15:14 of 3rd period - Deflect By Conor Sheary.
15:14 of 3rd period - Shot Blocked by Tyler Ennis.
15:14 of 3rd period - Puck is out of play.
15:15 of 3rd period - Zach Parise wins face-off versus Nick Palmieri in Devils zone.
15:42 of 3rd period - Tyler Cuma is hit by Logan Shaw and loses puck.
15:47 of 3rd period - Wrist shot by Sven Baertschi.
15:47 of 3rd period - Shot Misses the Net.
16:24 of 3rd period - Brendan Gaunce is hit by Kristopher Letang and loses puck.
16:36 of 3rd period - Brendan Gaunce is hit by Eric Tangradi and loses puck.
16:48 of 3rd period - Brendan Gaunce is hit by Eric Tangradi.
16:56 of 3rd period - Kristopher Letang is hit by Karl Alzner and loses puck.
17:27 of 3rd period - Conor Sheary is hit by Jason Pominville and loses puck.
18:06 of 3rd period - Backhand shot by Jason Pominville.
18:06 of 3rd period - Shot Misses the Net.
18:08 of 3rd period - Snap shot by Brayden Point.
18:08 of 3rd period - Shot Misses the Net.
18:12 of 3rd period - Wrist shot by Brayden Point.
18:12 of 3rd period - Shot Misses the Net.
18:14 of 3rd period - Wrist shot by Eric Tangradi.
18:14 of 3rd period - Shot Misses the Net.
18:16 of 3rd period - Slapshot by Kristopher Letang.
18:16 of 3rd period - Deflect By Brayden Point.
18:16 of 3rd period - Shot Blocked by Karl Alzner.
18:16 of 3rd period - Puck is out of play.
18:17 of 3rd period - Brandon Dubinsky wins face-off versus Aleksander Barkov in Sharks zone.
18:30 of 3rd period - Snap shot by Joe Pavelski.
18:30 of 3rd period - Deflect By Michael Del Zotto.
18:30 of 3rd period - Shot Blocked by Michael Del Zotto.
18:30 of 3rd period - Puck is out of play.
18:31 of 3rd period - Aleksander Barkov wins face-off versus Brandon Dubinsky in Devils zone.
18:56 of 3rd period - Drew Doughty is hit by Michael Del Zotto and loses puck.
19:03 of 3rd period - Snap shot by Wayne Simmonds.
19:03 of 3rd period - Stopped by Tyler Weiman without a rebound.
19:04 of 3rd period - Brandon Dubinsky wins face-off versus Nazem Kadri in Devils zone.
19:05 of 3rd period - Slapshot by Daniel Carcillo.
19:05 of 3rd period - Shot Blocked by Marian Gaborik.
19:07 of 3rd period - Snap shot by Brandon Dubinsky.
19:07 of 3rd period - Deflect By Daniel Carcillo.
19:07 of 3rd period - Stopped by Tyler Weiman with a rebound.
19:09 of 3rd period - Wrist shot by Tyler Cuma.
19:09 of 3rd period - Shot Blocked by Matt Donovan.
19:11 of 3rd period - Wrist shot by Brandon Dubinsky.
19:11 of 3rd period - Stopped by Tyler Weiman with a rebound.
19:13 of 3rd period - Snap shot by Joe Pavelski.
19:13 of 3rd period - Stopped by Tyler Weiman with a rebound.
19:15 of 3rd period - Slapshot by Tyler Cuma.
19:15 of 3rd period - Stopped by Tyler Weiman with a rebound.
19:17 of 3rd period - Slapshot by Dion Phaneuf.
19:17 of 3rd period - Stopped by Tyler Weiman without a rebound.
19:18 of 3rd period - Daniel Carcillo wins face-off versus Aleksander Barkov in Devils zone.
19:29 of 3rd period - Backhand shot by Aleksander Barkov.
19:29 of 3rd period - Deflect By Nick Palmieri.
19:29 of 3rd period - Shot Misses the Net.
19:29 of 3rd period - Puck is out of play.
19:30 of 3rd period - Brandon Dubinsky wins face-off versus Aleksander Barkov in Sharks zone.
19:37 of 3rd period - Eric Tangradi is hit by Mike Lundin and loses puck.
19:42 of 3rd period - Slapshot by Daniel Carcillo.
19:42 of 3rd period - Shot Misses the Net.
Goals for this period are 1 for Sharks vs 0 for Devils.
Shots for this period are 16 for Sharks vs 3 for Devils.